 Dungeon Crawl Stone Soup version 0.24.0-13-gcf9b319 (webtiles) character file.

Game seed: 17615845538901626246, levelgen mode: deterministic

483 Fang the Skirmisher (level 7, 0/44 HPs)
             Began as a Gargoyle Fighter on Jan 2, 2020.
             Slain by an ogre
             ... wielding a +0 giant club
              (19 damage)
             ... on level 4 of the Dungeon.
             The game lasted 00:03:23 (2373 turns).

Fang the Skirmisher (Gargoyle Fighter)              Turns: 2373, Time: 00:03:24

Health: 0/44       AC: 14    Str: 21    XL:     7   Next: 12%
Magic:  7/7        EV:  3    Int:  9    God:
Gold:   224        SH: 14    Dex:  9    Spells: 6/6 levels left

rFire    . . .     SeeInvis .   a - +1 war axe
rCold    . . .     Gourm    .   B - +0 large shield
rNeg     + . .     Faith    .   b - +0 chain mail
rPois    ∞         Spirit   .   (no helmet)
rElec    +         Reflect  .   (no cloak)
rCorr    .         Harm     .   (no gloves)
MR       .....                  (no boots)
Stlth    ..........             (no amulet)
HPRegen  0.14/turn              (no ring)
MPRegen  0.10/turn              (no ring)

@: no status effects
A: negative energy resistance 1, electricity resistance, unbreathing,
petrification resistance, rot immunity, AC +4
a: no special abilities


You were on level 4 of the Dungeon.
You were hungry.

You visited 1 branch of the dungeon, and saw 4 of its levels.

You collected 224 gold pieces.

Inventory:

Hand Weapons
 a - a +1 war axe (weapon)
Armour
 b - a +0 chain mail (worn)
 B - a +0 large shield (worn)
Wands
 n - a wand of flame (5)
Scrolls
 i - 3 scrolls of remove curse
 j - 5 scrolls of identify
Potions
 d - a potion of might
 g - a potion of heal wounds
 h - 2 potions of haste
Comestibles
 c - 7 rations


   Skills:
 + Level 5.1 Fighting
 + Level 3.6 Axes
 + Level 5.1 Armour
 + Level 5.1 Shields


You had 6 spell levels left.
You didn't know any spells.
Your spell library was empty.

Dungeon Overview and Level Annotations

Branches:
Dungeon (4/15)
 Temple: D:4-7

Altars:
Elyvilon
Ru

Annotations:
D:4 Blork the orc


Innate Abilities, Weirdness & Mutations

You are resistant to torment.
Your stone body is resilient. (AC +4)
You are immune to poison.
You resist negative energy. (rN+)
You are resistant to electric shocks. (rElec)
You can survive without breathing.
You are immune to petrification.
You are immune to rotting.


Message History

You are too injured to fight recklessly!
You are too injured to fight recklessly!
You are too injured to fight recklessly!
You are too injured to fight recklessly!
You are too injured to fight recklessly!
You are too injured to fight recklessly!
You are too injured to fight recklessly!
You are too injured to fight recklessly!
You are too injured to fight recklessly!
You hit the ogre.
The ogre is almost dead.
You barely miss Blork the orc. You block Blork the orc's attack.
You block the ogre's attack.
You hit the ogre.
The ogre is almost dead.
You hit Blork the orc.
Blork the orc mumbles some strange words.
Blork the orc seems to speed up.
The ogre hits you with a +0 giant club!!
You die...

#...[....%..
####....>......
..#...........?
..............
#.............
#....... (...
..>#...o.#
.....
#.....@O##.....
#...##...[.#...
#. ##.......(.
#..........
##>...#...
#<#### .. ### .


You could see Blork the orc and an ogre.

Vanquished Creatures
  Sigmund (D:3)
  An ice beast (D:3)
  Crazy Yiuf (D:2)
  A bullfrog skeleton (D:3)
  A worker ant (D:3)
  4 adders
  An ooze (D:2)
  A dart slug (D:1)
  2 leopard geckos
  8 orcs (D:3)
  A ball python (D:1)
  3 giant cockroaches
  14 goblins
  10 hobgoblins
  12 jackals
  9 kobolds
  2 quokkas (D:2)
  11 bats
  6 frilled lizards
  10 rats
99 creatures vanquished.

Notes
Turn   | Place    | Note
-------+----------+-------------------------------------------
     0 | D:1      | Fang the Gargoyle Fighter began the quest for the Orb.
     0 | D:1      | Reached XP level 1. HP: 14/14 MP: 1/1
    36 | D:1      | Reached XP level 2. HP: 11/19 MP: 2/2
   431 | D:1      | Reached XP level 3. HP: 23/23 MP: 3/3
  1003 | D:2      | Reached XP level 4. HP: 26/29 MP: 4/4
  1314 | D:2      | Found a runed translucent door.
  1315 | D:2      | Noticed Crazy Yiuf
  1445 | D:2      | Killed Crazy Yiuf
  1445 | D:2      | Reached XP level 5. HP: 31/33 MP: 5/5
  1549 | D:3      | Noticed an ice beast
  1562 | D:3      | Killed an ice beast
  1562 | D:3      | Reached XP level 6. HP: 39/39 MP: 6/6
  1595 | D:3      | Found a white marble altar of Elyvilon.
  1644 | D:3      | Noticed Sigmund
  1669 | D:3      | Killed Sigmund
  1669 | D:3      | Reached skill level 5 in Fighting
  1669 | D:3      | Reached skill level 5 in Armour
  1669 | D:3      | Reached skill level 5 in Shields
  2001 | D:3      | Reached XP level 7. HP: 43/44 MP: 7/7
  2123 | D:3      | Found a sacrificial altar of Ru.
  2356 | D:4      | Noticed Blork the orc
  2373 | D:4      | Slain by an ogre

Levels and vault maps discovered:
D:1:      saegor_arrival_under_anarchy, layout_basic, minmay_bisected
D:2:      layout_rooms, uniq_crazy_yiuf_cottage
D:3:      layout_basic, lemuel_doored_altar, overflow_temple_1_default,
          uniq_sigmund
D:4:      layout_cave_pools, first_ration, nrook_campfire, uniq_robin,
          uniq_blork_the_orc

Skill      XL: |  1  2  3  4  5  6 |
---------------+-------------------+-----
Axes           | 2 3 |  3.6
Fighting       | 4 5 |  5.1
Armour         | 4 5 |  5.1
Shields        | 4 5 |  5.1

Action                   |  1- 3 |  4- 6 |  7- 9 || total
-------------------------+-------+-------+-------++-------
Melee: War axe           |   144 |   176 |    40 ||   360
  Use: Scroll            |       |     8 |     1 ||     9
       Potion            |       |     1 |       ||     1
  Eat: Chunk             |       |     4 |     1 ||     5
Armor: Scale mail        |   138 |       |       ||   138
       Chain mail        |    17 |   119 |    35 ||   171
Dodge: Dodged            |    82 |    44 |    11 ||   137
Block: Shield            |   119 |    99 |    18 ||   236
       Large shield      |       |       |    22 ||    22
